Flyers vs Blackhawks
Created - March 7, 2025 at 10:22
Goals
|
| Flyers |
0 |
1 |
3 |
4 |
| Blackhawks |
3 |
1 |
1 |
5 |
|
Shots
|
| Flyers |
7 |
11 |
11 |
29 |
| Blackhawks |
11 |
11 |
8 |
30 |
|
1st period
1. Blackhawks , Antoine Roussel 15 (Will Butcher 29, Derek Stepan 44) at 6:49
2. Blackhawks , Mikko Rantanen 26 (Derek Stepan 45) at 7:55
3. Blackhawks , William Karlsson 9 (Adrian Kempe 22, Derek Stepan 46) at 14:08
Penalties :
William Karlsson (Chi) for Roughing (Minor) at 9:27
2nd period
4. Blackhawks , Mikko Rantanen 27 (Derek Stepan 47) at 0:04
5. Flyers , Travis Konecny 18 (Hampus Lindholm 39, Jordan Nolan 40) at 6:34 (PP)
Penalties :
Adrian Kempe (Chi) for Delaying the game (Minor) at 1:48, Jakob Silfverberg (Chi) for Tripping (Minor) at 6:19, Kasperi Kapanen (Phi) for High sticking (Double Minor) at 12:49, Nick Ritchie (Phi) for High sticking (Double Minor) at 19:37
3rd period
6. Blackhawks , Derek Stepan 27 (Radko Gudas 16, Mikko Rantanen 37) at 1:35 (PP)
7. Flyers , Kasperi Kapanen 24 (Kevin Hayes 34, Hampus Lindholm 40) at 12:59
8. Flyers , Brian Lashoff 2 (Hampus Lindholm 41, Jordan Nolan 41) at 14:16 (PP)
9. Flyers , Jordan Nolan 30 (Travis Konecny 16, Nick Ritchie 31) at 17:37 (PP)
Penalties :
Nick Ritchie (Phi) for High sticking (Minor) at 4:49, Thomas Chabot (Chi) for Hooking (Minor) at 8:53, Antoine Roussel (Chi) for Hooking (Minor) at 13:23, William Karlsson (Chi) for Roughing (Minor) at 16:45
Goalie Stats
Ilya Sorokin (Phi), 19 saves from 24 shots - (0.792), L, 5-8-2, 41:35 minutes
Steve Mason (Phi), 6 saves from 6 shots - (1.000), 17:17 minutes
Cam Ward (Chi), 25 saves from 29 shots - (0.862), W, 21-10-5, 60:00 minutes
Players Stats for Flyers
Player Name G A P +/- PIM S H SB GA TA FO MP PP MP PK MP
------------------------------------------------------------------------------------
Alexandre Grenier 0 0 0 -1 0 0 0 2 0 0 0/0 7:41 0:00 0:00
Brian Lashoff 1 0 1 -2 0 2 2 0 0 0 0/0 26:53 5:33 5:24
Cal Foote 0 0 0 -1 0 0 0 1 0 1 0/0 13:45 0:00 0:12
Calle Jarnkrok 0 0 0 -1 0 0 1 0 0 0 6/8 13:43 0:00 3:45
Hampus Lindholm 0 3 3 -2 0 2 3 0 0 0 0/0 27:49 5:33 5:24
Jacob Trouba 0 0 0 -1 0 3 3 0 0 0 0/0 21:54 2:24 4:19
Jake Dotchin 0 0 0 0 0 0 0 4 0 0 0/0 11:13 0:00 0:12
Jordan Nolan 1 2 3 -1 0 3 0 0 0 0 13/18 19:55 5:11 0:22
Kasperi Kapanen 1 0 1 0 4 4 1 1 1 0 0/1 13:50 2:46 0:00
Kevin Hayes 0 1 1 0 0 3 0 0 0 0 8/17 17:44 2:46 4:51
Max Pacioretty 0 0 0 -1 0 3 0 0 0 0 0/0 16:14 2:46 3:50
Michael Bournival 0 0 0 -1 0 0 1 0 0 0 0/0 9:49 0:00 1:03
Nathan Beaulieu 0 0 0 0 0 1 1 0 0 1 0/0 18:26 2:24 4:19
Nick Ritchie 0 1 1 -1 6 0 5 0 0 0 2/3 20:39 5:11 1:08
Niclas Bergfors 0 0 0 -1 0 2 0 0 0 0 1/1 9:58 0:00 0:00
Patrice Bergeron 0 0 0 -1 0 3 1 0 0 0 0/1 7:41 0:00 0:00
Samuel Morin 0 0 0 0 0 1 0 0 0 0 0/1 14:56 0:00 4:51
Travis Konecny 1 1 2 -1 0 2 1 0 2 0 2/3 17:52 5:11 0:00
Players Stats for Blackhawks
Player Name G A P +/- PIM S H SB GA TA FO MP PP MP PK MP
------------------------------------------------------------------------------------
Adrian Kempe 0 1 1 0 2 0 1 0 0 0 0/1 17:07 3:40 1:04
Andrew Ladd 0 0 0 0 0 0 0 0 0 0 0/0 8:31 1:03 0:27
Antoine Roussel 1 0 1 3 2 3 2 0 1 0 0/1 15:45 0:00 3:56
Dalton Prout 0 0 0 0 0 1 0 0 0 0 0/0 13:44 0:37 1:03
Derek Stepan 1 4 5 4 0 5 0 0 0 0 10/20 21:26 5:11 1:43
Erik Haula 0 0 0 0 0 1 0 0 0 1 6/21 18:09 3:41 4:53
Jakob Silfverberg 0 0 0 0 2 0 2 0 0 0 0/1 13:07 3:37 0:00
Joe Pavelski 0 0 0 0 0 0 1 0 0 0 0/0 7:58 1:06 0:00
Johnny Gaudreau 0 0 0 0 0 4 0 0 0 0 0/0 15:57 5:12 0:00
Mike Amadio 0 0 0 -1 0 1 0 0 0 0 0/0 13:42 0:00 2:49
Mikko Rantanen 2 1 3 3 0 6 1 0 0 0 0/1 17:58 5:12 0:00
PK Subban 0 0 0 1 0 1 0 0 0 0 0/0 24:48 4:17 2:46
Radko Gudas 0 1 1 2 0 0 2 2 0 1 0/0 22:23 4:17 5:19
Robert Hagg 0 0 0 0 0 0 0 1 0 0 0/0 12:35 0:37 0:00
Stefan Matteau 0 0 0 0 0 2 0 0 0 0 1/2 8:11 1:03 0:09
Thomas Chabot 0 0 0 1 2 3 1 3 0 0 0/0 19:14 5:01 1:53
Will Butcher 0 1 1 2 0 0 0 3 0 1 0/0 27:54 5:01 4:53
William Karlsson 1 0 1 0 4 3 0 1 1 0 4/6 13:28 0:00 0:53
3 Stars
1 - Derek Stepan (Chi)
2 - Mikko Rantanen (Chi)
3 - Antoine Roussel (Chi)
Power Play
Flyers - 3 on 6 Attempt(s) - 50.00%
Blackhawks - 1 on 5 Attempt(s) - 20.00%
Penalty Kill
Flyers - 4 on 5 Attempt(s) - 80.00%
- Score 0 goal in Penalty Kill
Blackhawks - 3 on 6 Attempt(s) - 50.00%
- Score 0 goal in Penalty Kill
Team Stat
Flyers - Hits : 19 - Faceoff Wins : 32 - Blocked Shots : 8 - Penalty Minutes : 10
Blackhawks - Hits : 10 - Faceoff Wins : 21 - Blocked Shots : 10 - Penalty Minutes : 12
Official
Referees : Kevin Pollock and Jon McIsaac
Linesman : Travis Toomey and Pierre Racicot
Game Notes
Steve Mason enters game at 1:35 of 3rd period
Finance
Level 1 -- Attendance: 5542 (92.37%) -- Ticket Income $554,200
Level 2 -- Attendance: 5000 (100.00%) -- Ticket Income $350,000
Level 3 -- Attendance: 1917 (95.85%) -- Ticket Income $76,680
Level 4 -- Attendance: 4000 (100.00%) -- Ticket Income $120,000
Luxury Box -- Attendance: 1000 (100.00%) -- Ticket Income $200,000
Game was played at the United Center.
Total Attendance: 17459 (96.99%)
Total Ticket Income: $1,300,880
Other Income: $195,132
Total Income: $1,496,012
Flyers
5 vs 5 Forward
Center Left Wing Right Wing Time % Phy DF OF
1 Jordan Nolan Nick Ritchie Travis Konecny 40 0 2 3
2 Kevin Hayes Samuel Morin Kasperi Kapanen 30 0 2 3
3 Calle Jarnkrok Max Pacioretty Niclas Bergfors 22 0 3 2
4 Patrice Bergeron Michael Bournival Alexandre Grenier 8 1 3 1
5 vs 5 Defense
Defense Defense Time % Phy DF OF
1 Hampus Lindholm Brian Lashoff 40 0 3 2
2 Cal Foote Jacob Trouba 33 0 3 2
3 Nathan Beaulieu Jake Dotchin 20 1 3 1
4 Hampus Lindholm Jacob Trouba 7 0 3 2
PowerPlay Forward
Center Left Wing Right Wing Time % Phy DF OF
1 Jordan Nolan Nick Ritchie Travis Konecny 55 0 1 4
2 Kevin Hayes Max Pacioretty Kasperi Kapanen 45 0 1 4
PowerPlay Defense
Defense Defense Time % Phy DF OF
1 Hampus Lindholm Brian Lashoff 55 0 1 4
2 Nathan Beaulieu Jacob Trouba 45 0 1 4
Penalty Kill 4 Players Forward
Center Wing Time % Phy DF OF
1 Kevin Hayes Samuel Morin 60 1 4 0
2 Calle Jarnkrok Max Pacioretty 40 1 4 0
Penalty Kill 4 Players Defense
Defense Defense Time % Phy DF OF
1 Hampus Lindholm Brian Lashoff 55 1 4 0
2 Nathan Beaulieu Jacob Trouba 45 1 4 0
Penalty Kill - 3 Players Forward
Forward Time % Phy DF OF
1 Kevin Hayes 55 1 4 0
2 Jordan Nolan 45 1 4 0
Penalty Kill - 3 Players Defense
Defense Defense Time % Phy DF OF
1 Hampus Lindholm Brian Lashoff 55 1 4 0
2 Nathan Beaulieu Jacob Trouba 45 1 4 0
4 vs 4 Forward
Center Wing Time % Phy DF OF
1 Jordan Nolan Nick Ritchie 55 0 2 3
2 Kevin Hayes Kasperi Kapanen 45 0 2 3
4 vs 4 Defense
Defense Defense Time % Phy DF OF
1 Hampus Lindholm Brian Lashoff 55 0 3 2
2 Cal Foote Jacob Trouba 45 0 3 2
Last Minutes Offensive
Center Left Wing Right Wing Defense Defense
Jordan Nolan Nick Ritchie Kasperi Kapanen Hampus Lindholm Jacob Trouba
Last Minutes Defensive
Center Left Wing Right Wing Defense Defense
Kevin Hayes Samuel Morin Kasperi Kapanen Hampus Lindholm Jacob Trouba
Goaltenders
Starting : Ilya Sorokin
Backup : Steve Mason
Extra Forwards
Normal : Nick Ritchie, Kasperi Kapanen, Calle Jarnkrok - PP : Nick Ritchie, Kevin Hayes - PK : Nick Ritchie
Extra Defensemen
Normal : Hampus Lindholm, Cal Foote, Nathan Beaulieu - PP : Hampus Lindholm - PK : Hampus Lindholm, Jacob Trouba
Penalty Shots
Niclas Bergfors, Jordan Nolan, Kasperi Kapanen, Travis Konecny, Nick Ritchie
Custom OT Lines Forwards
Jordan Nolan, Nick Ritchie, Kasperi Kapanen, Niclas Bergfors, Travis Konecny, Max Pacioretty, Samuel Morin, Kevin Hayes, Calle Jarnkrok, Michael Bournival
Custom OT Lines Defensemen
Hampus Lindholm, Jacob Trouba, Nathan Beaulieu, Brian Lashoff, Jake Dotchin
Scratches
None
Blackhawks
5 vs 5 Forward
Center Left Wing Right Wing Time % Phy DF OF
1 Derek Stepan Antoine Roussel Mikko Rantanen 40 1 2 2
2 Erik Haula Johnny Gaudreau Jakob Silfverberg 30 1 2 2
3 William Karlsson Adrian Kempe Mike Amadio 20 1 2 2
4 Stefan Matteau Andrew Ladd Joe Pavelski 10 1 2 2
5 vs 5 Defense
Defense Defense Time % Phy DF OF
1 Will Butcher PK Subban 40 1 2 2
2 Radko Gudas Thomas Chabot 30 1 2 2
3 Robert Hagg Dalton Prout 20 1 2 2
4 Will Butcher Radko Gudas 10 1 2 2
PowerPlay Forward
Center Left Wing Right Wing Time % Phy DF OF
1 Derek Stepan Johnny Gaudreau Mikko Rantanen 60 1 2 2
2 Erik Haula Adrian Kempe Jakob Silfverberg 40 1 2 2
PowerPlay Defense
Defense Defense Time % Phy DF OF
1 Will Butcher Thomas Chabot 60 1 2 2
2 PK Subban Radko Gudas 40 1 2 2
Penalty Kill 4 Players Forward
Center Wing Time % Phy DF OF
1 Erik Haula Antoine Roussel 60 1 2 2
2 William Karlsson Mike Amadio 40 1 2 2
Penalty Kill 4 Players Defense
Defense Defense Time % Phy DF OF
1 Will Butcher Radko Gudas 60 1 2 2
2 PK Subban Thomas Chabot 40 1 2 2
Penalty Kill - 3 Players Forward
Forward Time % Phy DF OF
1 Erik Haula 60 1 2 2
2 William Karlsson 40 1 2 2
Penalty Kill - 3 Players Defense
Defense Defense Time % Phy DF OF
1 Will Butcher Radko Gudas 60 1 2 2
2 PK Subban Thomas Chabot 40 1 2 2
4 vs 4 Forward
Center Wing Time % Phy DF OF
1 Derek Stepan Mikko Rantanen 60 1 2 2
2 Erik Haula Johnny Gaudreau 40 1 2 2
4 vs 4 Defense
Defense Defense Time % Phy DF OF
1 Will Butcher Thomas Chabot 60 1 2 2
2 PK Subban Radko Gudas 40 1 2 2
Last Minutes Offensive
Center Left Wing Right Wing Defense Defense
Derek Stepan Johnny Gaudreau Mikko Rantanen Will Butcher Radko Gudas
Last Minutes Defensive
Center Left Wing Right Wing Defense Defense
Derek Stepan Johnny Gaudreau Mikko Rantanen Will Butcher Radko Gudas
Goaltenders
Starting : Cam Ward
Backup : Ilya Samsonov
Extra Forwards
Normal : Johnny Gaudreau, Mikko Rantanen, Adrian Kempe - PP : Johnny Gaudreau, Mikko Rantanen - PK : Mike Amadio
Extra Defensemen
Normal : Will Butcher, Radko Gudas, Thomas Chabot - PP : Will Butcher - PK : Radko Gudas, PK Subban
Penalty Shots
Jakob Silfverberg, Antoine Roussel, Derek Stepan, Mikko Rantanen, Erik Haula
Custom OT Lines Forwards
Johnny Gaudreau, Antoine Roussel, Derek Stepan, Mikko Rantanen, Erik Haula, Adrian Kempe, Jakob Silfverberg, William Karlsson, Mike Amadio, Joe Pavelski
Custom OT Lines Defensemen
Will Butcher, Radko Gudas, PK Subban, Thomas Chabot, Robert Hagg
Scratches
None
% Time on Ice - Flyers
Lines # - Real PCT - Wanted PCT - Time Play
Normal Forward
1 - 34% - 40% - 13:49
2 - 24% - 30% - 9:42
3 - 24% - 22% - 9:58
4 - 19% - 8% - 7:41
Normal Defense
1 - 39% - 40% - 15:54
2 - 35% - 33% - 14:15
3 - 27% - 20% - 11:01
4 - 0% - 7% - 0:00
PP Forward
1 - 65% - 55% - 5:11
2 - 35% - 45% - 2:46
PP Defense
1 - 70% - 55% - 5:33
2 - 30% - 45% - 2:24
PK Forward
1 - 80% - 60% - 7:58
2 - 20% - 40% - 1:57
PK Defense
1 - 56% - 55% - 5:36
2 - 44% - 45% - 4:19
PK3 Forward
1 - 0% - 55%
2 - 0% - 45%
PK3 Defense
1 - 0% - 55%
2 - 0% - 45%
44 Forward
1 - 0% - 55%
2 - 0% - 45%
44 Defense
1 - 0% - 55%
2 - 0% - 45%
Last Minute Offensive - 0:58
Last Minute Defensive - 0:00
Total
Forward - 60:00
Defense - 60:00
|
% Time on Ice - Blackhawks
Lines # - Real PCT - Wanted PCT - Time Play
Normal Forward
1 - 34% - 40% - 13:56
2 - 27% - 30% - 10:53
3 - 23% - 20% - 9:29
4 - 16% - 10% - 6:35
Normal Defense
1 - 37% - 40% - 14:56
2 - 30% - 30% - 12:10
3 - 29% - 20% - 11:58
4 - 4% - 10% - 1:49
PP Forward
1 - 63% - 60% - 6:15
2 - 37% - 40% - 3:40
PP Defense
1 - 57% - 60% - 5:38
2 - 43% - 40% - 4:17
PK Forward
1 - 75% - 60% - 6:00
2 - 25% - 40% - 1:57
PK Defense
1 - 65% - 60% - 5:11
2 - 35% - 40% - 2:46
PK3 Forward
1 - 0% - 60%
2 - 0% - 40%
PK3 Defense
1 - 0% - 60%
2 - 0% - 40%
44 Forward
1 - 0% - 60%
2 - 0% - 40%
44 Defense
1 - 0% - 60%
2 - 0% - 40%
Last Minute Offensive - 0:00
Last Minute Defensive - 1:15
Total
Forward - 60:00
Defense - 60:00
|
Play-by-Play
1st period
0:01 of 1st period - Jordan Nolan wins face-off versus Mikko Rantanen in neutral zone.
0:50 of 1st period - Wrist shot by Antoine Roussel.
0:50 of 1st period - Deflect By Derek Stepan.
0:50 of 1st period - Stopped by Ilya Sorokin with a rebound.
1:37 of 1st period - Wrist shot by Derek Stepan.
1:37 of 1st period - Stopped by Ilya Sorokin with a rebound.
1:39 of 1st period - Snap shot by Antoine Roussel.
1:39 of 1st period - Stopped by Ilya Sorokin with a rebound.
1:41 of 1st period - Wrist shot by Derek Stepan.
1:41 of 1st period - Shot Blocked by Cal Foote.
1:47 of 1st period - Snap shot by Antoine Roussel.
1:47 of 1st period - Stopped by Ilya Sorokin without a rebound.
1:48 of 1st period - Kevin Hayes wins face-off versus Erik Haula in Flyers zone.
3:01 of 1st period - Wrist shot by Nick Ritchie.
3:01 of 1st period - Shot Misses the Net.
3:03 of 1st period - Slapshot by Nathan Beaulieu.
3:03 of 1st period - Stopped by Cam Ward without a rebound.
3:04 of 1st period - Kevin Hayes wins face-off versus Erik Haula in Blackhawks zone.
3:11 of 1st period - Snap shot by Jakob Silfverberg.
3:11 of 1st period - Shot Misses the Net.
3:35 of 1st period - Wrist shot by Adrian Kempe.
3:35 of 1st period - Shot Blocked by Alexandre Grenier.
3:57 of 1st period - Snap shot by Stefan Matteau.
3:57 of 1st period - Stopped by Ilya Sorokin with a rebound.
4:19 of 1st period - Snap shot by Max Pacioretty.
4:19 of 1st period - Stopped by Cam Ward without a rebound.
4:20 of 1st period - Erik Haula wins face-off versus Patrice Bergeron in Blackhawks zone.
4:48 of 1st period - Wrist shot by Adrian Kempe.
4:48 of 1st period - Shot Misses the Net.
5:02 of 1st period - Robert Hagg is hit by Nick Ritchie and loses puck.
5:21 of 1st period - Slapshot by William Karlsson.
5:21 of 1st period - Shot Blocked by Jake Dotchin.
5:23 of 1st period - Slapshot by Mike Amadio.
5:23 of 1st period - Shot Blocked by Jake Dotchin.
5:25 of 1st period - Slapshot by Dalton Prout.
5:25 of 1st period - Shot Blocked by Jake Dotchin.
5:41 of 1st period - Snap shot by Mike Amadio.
5:41 of 1st period - Stopped by Ilya Sorokin with a rebound.
6:33 of 1st period - Slapshot by William Karlsson.
6:33 of 1st period - Deflect By Adrian Kempe.
6:33 of 1st period - Shot Hit the Post.
6:33 of 1st period - Puck is out of play.
6:34 of 1st period - Derek Stepan wins face-off versus Kevin Hayes in Flyers zone.
6:45 of 1st period - Snap shot by Derek Stepan.
6:45 of 1st period - Shot Misses the Net.
6:47 of 1st period - Snap shot by Mikko Rantanen.
6:47 of 1st period - Deflect By Derek Stepan.
6:47 of 1st period - Stopped by Ilya Sorokin with a rebound.
6:49 of 1st period - Slapshot by Will Butcher.
6:49 of 1st period - Deflect By Antoine Roussel.
6:49 of 1st period - Goal by Antoine Roussel - Flyers : 0 - Blackhawks : 1.
6:50 of 1st period - Kevin Hayes wins face-off versus Erik Haula in neutral zone.
6:53 of 1st period - Snap shot by Kevin Hayes.
6:53 of 1st period - Stopped by Cam Ward with a rebound.
6:55 of 1st period - Backhand shot by Samuel Morin.
6:55 of 1st period - Stopped by Cam Ward with a rebound.
7:17 of 1st period - Derek Stepan is hit by Patrice Bergeron and loses puck.
7:42 of 1st period - Calle Jarnkrok is hit by Mikko Rantanen and loses puck.
7:53 of 1st period - Wrist shot by Mikko Rantanen.
7:53 of 1st period - Stopped by Ilya Sorokin with a rebound.
7:55 of 1st period - Wrist shot by Mikko Rantanen.
7:55 of 1st period - Goal by Mikko Rantanen - Flyers : 0 - Blackhawks : 2.
7:56 of 1st period - Kevin Hayes wins face-off versus Jakob Silfverberg in neutral zone.
9:27 of 1st period - Minor Penalty to William Karlsson for Roughing.
9:28 of 1st period - Jordan Nolan wins face-off versus Erik Haula in Blackhawks zone.
9:59 of 1st period - Erik Haula is hit by Brian Lashoff and loses puck.
11:27 of 1st period - Penalty to William Karlsson is over, William Karlsson is back on ice.
11:31 of 1st period - Derek Stepan is hit by Hampus Lindholm and loses puck.
11:46 of 1st period - Robert Hagg is hit by Brian Lashoff and loses puck.
12:03 of 1st period - Snap shot by Patrice Bergeron.
12:03 of 1st period - Stopped by Cam Ward with a rebound.
12:09 of 1st period - Snap shot by Michael Bournival.
12:09 of 1st period - Shot Blocked by Robert Hagg.
12:11 of 1st period - Wrist shot by Alexandre Grenier.
12:11 of 1st period - Shot Misses the Net.
12:24 of 1st period - Adrian Kempe is hit by Jacob Trouba and loses puck.
12:31 of 1st period - Wrist shot by Alexandre Grenier.
12:31 of 1st period - Shot Blocked by Thomas Chabot.
12:33 of 1st period - Snap shot by Michael Bournival.
12:33 of 1st period - Deflect By Patrice Bergeron.
12:33 of 1st period - Stopped by Cam Ward with a rebound.
12:39 of 1st period - Snap shot by Patrice Bergeron.
12:39 of 1st period - Shot Blocked by Thomas Chabot.
13:03 of 1st period - Slapshot by Jacob Trouba.
13:03 of 1st period - Shot Blocked by William Karlsson.
13:17 of 1st period - Slapshot by Derek Stepan.
13:17 of 1st period - Shot Misses the Net.
13:58 of 1st period - Wrist shot by Patrice Bergeron.
13:58 of 1st period - Stopped by Cam Ward with a rebound.
14:06 of 1st period - Wrist shot by Adrian Kempe.
14:06 of 1st period - Shot Misses the Net.
14:08 of 1st period - Snap shot by William Karlsson.
14:08 of 1st period - Goal by William Karlsson - Flyers : 0 - Blackhawks : 3.
14:09 of 1st period - Jordan Nolan wins face-off versus Erik Haula in neutral zone.
14:36 of 1st period - Stefan Matteau is hit by Jacob Trouba and loses puck.
16:55 of 1st period - Slapshot by Antoine Roussel.
16:55 of 1st period - Shot Misses the Net.
17:01 of 1st period - PK Subban is hit by Hampus Lindholm and loses puck.
18:14 of 1st period - Calle Jarnkrok is hit by Jakob Silfverberg and loses puck.
Goals for this period are 0 for Flyers vs 3 for Blackhawks.
Shots for this period are 7 for Flyers vs 11 for Blackhawks.
2nd period
0:01 of 2nd period - Derek Stepan wins face-off versus Jordan Nolan in neutral zone.
0:04 of 2nd period - Snap shot by Mikko Rantanen.
0:04 of 2nd period - Goal by Mikko Rantanen - Flyers : 0 - Blackhawks : 4.
0:05 of 2nd period - Jordan Nolan wins face-off versus Derek Stepan in neutral zone.
0:41 of 2nd period - Snap shot by Johnny Gaudreau.
0:41 of 2nd period - Stopped by Ilya Sorokin without a rebound.
0:42 of 2nd period - Derek Stepan wins face-off versus Kevin Hayes in Flyers zone.
0:53 of 2nd period - Wrist shot by Kasperi Kapanen.
0:53 of 2nd period - Shot Blocked by Radko Gudas.
0:55 of 2nd period - Snap shot by Jacob Trouba.
0:55 of 2nd period - Stopped by Cam Ward with a rebound.
1:38 of 2nd period - Slapshot by Niclas Bergfors.
1:38 of 2nd period - Stopped by Cam Ward with a rebound.
1:41 of 2nd period - Icing by William Karlsson.
1:42 of 2nd period - Jordan Nolan wins face-off versus William Karlsson in Blackhawks zone.
1:48 of 2nd period - Minor Penalty to Adrian Kempe for Delaying the game.
1:49 of 2nd period - Travis Konecny wins face-off versus Erik Haula in Blackhawks zone.
3:24 of 2nd period - Will Butcher is hit by Kasperi Kapanen and loses puck.
3:48 of 2nd period - Penalty to Adrian Kempe is over, Adrian Kempe is back on ice.
4:59 of 2nd period - Snap shot by William Karlsson.
4:59 of 2nd period - Stopped by Ilya Sorokin without a rebound.
5:00 of 2nd period - Calle Jarnkrok wins face-off versus Adrian Kempe in Flyers zone.
5:13 of 2nd period - Wrist shot by Michael Bournival.
5:13 of 2nd period - Shot Blocked by Will Butcher.
5:22 of 2nd period - Off-side.
5:23 of 2nd period - Jordan Nolan wins face-off versus Erik Haula in neutral zone.
5:26 of 2nd period - Slapshot by Brian Lashoff.
5:26 of 2nd period - Deflect By Johnny Gaudreau.
5:26 of 2nd period - Stopped by Cam Ward without a rebound.
5:27 of 2nd period - Erik Haula wins face-off versus Nick Ritchie in Blackhawks zone.
5:27 of 2nd period - Erik Haula is hit by Nick Ritchie.
5:41 of 2nd period - Wrist shot by Johnny Gaudreau.
5:41 of 2nd period - Stopped by Ilya Sorokin with a rebound.
5:43 of 2nd period - Slapshot by Johnny Gaudreau.
5:43 of 2nd period - Stopped by Ilya Sorokin with a rebound.
5:55 of 2nd period - Derek Stepan is hit by Hampus Lindholm and loses puck.
6:02 of 2nd period - Slapshot by Hampus Lindholm.
6:02 of 2nd period - Stopped by Cam Ward without a rebound.
6:03 of 2nd period - Jordan Nolan wins face-off versus Erik Haula in Blackhawks zone.
6:19 of 2nd period - Minor Penalty to Jakob Silfverberg for Tripping.
6:20 of 2nd period - Jordan Nolan wins face-off versus Erik Haula in Blackhawks zone.
6:20 of 2nd period - Snap shot by Travis Konecny.
6:20 of 2nd period - Stopped by Cam Ward with a rebound.
6:22 of 2nd period - Slapshot by Brian Lashoff.
6:22 of 2nd period - Deflect By Travis Konecny.
6:22 of 2nd period - Shot Misses the Net.
6:22 of 2nd period - Puck is out of play.
6:23 of 2nd period - Travis Konecny wins face-off versus Erik Haula in Blackhawks zone.
6:34 of 2nd period - Slapshot by Travis Konecny.
6:34 of 2nd period - Goal by Travis Konecny - Flyers : 1 - Blackhawks : 4.
6:35 of 2nd period - Nick Ritchie wins face-off versus Derek Stepan in neutral zone.
6:40 of 2nd period - Snap shot by Jordan Nolan.
6:40 of 2nd period - Stopped by Cam Ward with a rebound.
7:54 of 2nd period - Alexandre Grenier is hit by Radko Gudas and loses puck.
8:09 of 2nd period - Travis Konecny is hit by Thomas Chabot and loses puck.
8:18 of 2nd period - Wrist shot by Antoine Roussel.
8:18 of 2nd period - Shot Blocked by Jake Dotchin.
9:20 of 2nd period - Stefan Matteau is hit by Travis Konecny and loses puck.
9:57 of 2nd period - Wrist shot by Kasperi Kapanen.
9:57 of 2nd period - Stopped by Cam Ward without a rebound.
9:58 of 2nd period - Jordan Nolan wins face-off versus Derek Stepan in Blackhawks zone.
10:05 of 2nd period - Snap shot by Derek Stepan.
10:05 of 2nd period - Shot Misses the Net.
10:35 of 2nd period - Wrist shot by Kasperi Kapanen.
10:35 of 2nd period - Shot Misses the Net.
10:37 of 2nd period - Slapshot by Kevin Hayes.
10:37 of 2nd period - Shot Misses the Net.
10:39 of 2nd period - Slapshot by Jacob Trouba.
10:39 of 2nd period - Stopped by Cam Ward without a rebound.
10:40 of 2nd period - Calle Jarnkrok wins face-off versus Derek Stepan in Blackhawks zone.
10:43 of 2nd period - Slapshot by Max Pacioretty.
10:43 of 2nd period - Stopped by Cam Ward with a rebound.
10:45 of 2nd period - Slapshot by Nathan Beaulieu.
10:45 of 2nd period - Shot Hit the Post.
11:15 of 2nd period - Wrist shot by Johnny Gaudreau.
11:15 of 2nd period - Shot Misses the Net.
12:01 of 2nd period - Wrist shot by Kevin Hayes.
12:01 of 2nd period - Shot Misses the Net.
12:03 of 2nd period - Slapshot by Kevin Hayes.
12:03 of 2nd period - Stopped by Cam Ward with a rebound.
12:41 of 2nd period - Wrist shot by Johnny Gaudreau.
12:41 of 2nd period - Stopped by Ilya Sorokin with a rebound.
12:43 of 2nd period - Slapshot by Dalton Prout.
12:43 of 2nd period - Stopped by Ilya Sorokin without a rebound.
12:44 of 2nd period - Derek Stepan wins face-off versus Kevin Hayes in Flyers zone.
12:47 of 2nd period - Wrist shot by Mikko Rantanen.
12:47 of 2nd period - Shot Blocked by Kasperi Kapanen.
12:49 of 2nd period - Double Minor Penalty to Kasperi Kapanen for High sticking.
12:50 of 2nd period - Derek Stepan wins face-off versus Kevin Hayes in Flyers zone.
13:16 of 2nd period - Kevin Hayes is hit by Adrian Kempe.
15:22 of 2nd period - Max Pacioretty is hit by Joe Pavelski and loses puck.
16:37 of 2nd period - Snap shot by Stefan Matteau.
16:37 of 2nd period - Stopped by Ilya Sorokin without a rebound.
16:38 of 2nd period - Nick Ritchie wins face-off versus Stefan Matteau in Flyers zone.
16:47 of 2nd period - Snap shot by Andrew Ladd.
16:47 of 2nd period - Shot Misses the Net.
16:49 of 2nd period - Penalty to Kasperi Kapanen is over, Kasperi Kapanen is back on ice.
19:15 of 2nd period - Slapshot by Thomas Chabot.
19:15 of 2nd period - Deflect By Mikko Rantanen.
19:15 of 2nd period - Stopped by Ilya Sorokin with a rebound.
19:17 of 2nd period - Snap shot by Thomas Chabot.
19:17 of 2nd period - Deflect By Max Pacioretty.
19:17 of 2nd period - Stopped by Ilya Sorokin without a rebound.
19:18 of 2nd period - Niclas Bergfors wins face-off versus Derek Stepan in Flyers zone.
19:30 of 2nd period - Off-side.
19:31 of 2nd period - Derek Stepan wins face-off versus Jordan Nolan in neutral zone.
19:37 of 2nd period - Double Minor Penalty to Nick Ritchie for High sticking.
19:38 of 2nd period - Derek Stepan wins face-off versus Kevin Hayes in Flyers zone.
19:45 of 2nd period - Snap shot by Derek Stepan.
19:45 of 2nd period - Stopped by Ilya Sorokin with a rebound.
Goals for this period are 1 for Flyers vs 1 for Blackhawks.
Shots for this period are 11 for Flyers vs 11 for Blackhawks.
3rd period
0:01 of 3rd period - Kevin Hayes wins face-off versus Derek Stepan in neutral zone.
0:35 of 3rd period - Slapshot by Thomas Chabot.
0:35 of 3rd period - Stopped by Ilya Sorokin without a rebound.
0:36 of 3rd period - Calle Jarnkrok wins face-off versus Derek Stepan in Flyers zone.
0:43 of 3rd period - Wrist shot by Max Pacioretty.
0:43 of 3rd period - Shot Misses the Net.
1:29 of 3rd period - Snap shot by Mikko Rantanen.
1:29 of 3rd period - Shot Misses the Net.
1:31 of 3rd period - Wrist shot by Mikko Rantanen.
1:31 of 3rd period - Shot Misses the Net.
1:33 of 3rd period - Backhand shot by Radko Gudas.
1:33 of 3rd period - Shot Misses the Net.
1:35 of 3rd period - Slapshot by Derek Stepan.
1:35 of 3rd period - Goal by Derek Stepan - Flyers : 1 - Blackhawks : 5.
1:35 of 3rd period - Steve Mason enters game.
1:36 of 3rd period - Erik Haula wins face-off versus Kevin Hayes in neutral zone.
3:29 of 3rd period - Johnny Gaudreau is hit by Michael Bournival and loses puck.
3:35 of 3rd period - Penalty to Nick Ritchie is over, Nick Ritchie is back on ice.
3:36 of 3rd period - Radko Gudas is hit by Nick Ritchie and loses puck.
4:23 of 3rd period - Off-side.
4:24 of 3rd period - William Karlsson wins face-off versus Kasperi Kapanen in neutral zone.
4:31 of 3rd period - Off-side.
4:32 of 3rd period - William Karlsson wins face-off versus Jordan Nolan in neutral zone.
4:49 of 3rd period - Minor Penalty to Nick Ritchie for High sticking.
4:50 of 3rd period - Kevin Hayes wins face-off versus Derek Stepan in Flyers zone.
5:01 of 3rd period - Slapshot by Kevin Hayes.
5:01 of 3rd period - Shot Misses the Net.
6:49 of 3rd period - Penalty to Nick Ritchie is over, Nick Ritchie is back on ice.
7:46 of 3rd period - Icing by Brian Lashoff.
7:47 of 3rd period - Kevin Hayes wins face-off versus Erik Haula in Flyers zone.
8:16 of 3rd period - Snap shot by Kasperi Kapanen.
8:16 of 3rd period - Stopped by Cam Ward with a rebound.
8:18 of 3rd period - Slapshot by Jacob Trouba.
8:18 of 3rd period - Deflect By Joe Pavelski.
8:18 of 3rd period - Stopped by Cam Ward with a rebound.
8:20 of 3rd period - Snap shot by Kasperi Kapanen.
8:20 of 3rd period - Stopped by Cam Ward without a rebound.
8:21 of 3rd period - Stefan Matteau wins face-off versus Kevin Hayes in Blackhawks zone.
8:30 of 3rd period - Slapshot by Thomas Chabot.
8:30 of 3rd period - Stopped by Steve Mason without a rebound.
8:31 of 3rd period - Jordan Nolan wins face-off versus Derek Stepan in Flyers zone.
8:36 of 3rd period - Thomas Chabot is hit by Nick Ritchie and loses puck.
8:43 of 3rd period - Wrist shot by Nick Ritchie.
8:43 of 3rd period - Shot Blocked by Thomas Chabot.
8:53 of 3rd period - Minor Penalty to Thomas Chabot for Hooking.
8:54 of 3rd period - Jordan Nolan wins face-off versus Erik Haula in Blackhawks zone.
9:24 of 3rd period - Icing by Hampus Lindholm.
9:25 of 3rd period - Kevin Hayes wins face-off versus Erik Haula in Flyers zone.
10:53 of 3rd period - Penalty to Thomas Chabot is over, Thomas Chabot is back on ice.
10:54 of 3rd period - Jordan Nolan is hit by Radko Gudas and loses puck.
11:23 of 3rd period - Slapshot by Thomas Chabot.
11:23 of 3rd period - Shot Blocked by Alexandre Grenier.
11:25 of 3rd period - Slapshot by PK Subban.
11:25 of 3rd period - Deflect By Alexandre Grenier.
11:25 of 3rd period - Stopped by Steve Mason with a rebound.
11:31 of 3rd period - Snap shot by William Karlsson.
11:31 of 3rd period - Stopped by Steve Mason without a rebound.
11:32 of 3rd period - Erik Haula wins face-off versus Kevin Hayes in Flyers zone.
11:43 of 3rd period - Snap shot by Erik Haula.
11:43 of 3rd period - Shot Misses the Net.
12:41 of 3rd period - Snap shot by Kevin Hayes.
12:41 of 3rd period - Stopped by Cam Ward without a rebound.
12:42 of 3rd period - William Karlsson wins face-off versus Kevin Hayes in Blackhawks zone.
12:55 of 3rd period - Snap shot by Kevin Hayes.
12:55 of 3rd period - Shot Misses the Net.
12:57 of 3rd period - Wrist shot by Kevin Hayes.
12:57 of 3rd period - Shot Blocked by Will Butcher.
12:59 of 3rd period - Snap shot by Kasperi Kapanen.
12:59 of 3rd period - Goal by Kasperi Kapanen - Flyers : 2 - Blackhawks : 5.
13:00 of 3rd period - Derek Stepan wins face-off versus Jordan Nolan in neutral zone.
13:03 of 3rd period - Backhand shot by Mikko Rantanen.
13:03 of 3rd period - Stopped by Steve Mason with a rebound.
13:23 of 3rd period - Minor Penalty to Antoine Roussel for Hooking.
13:24 of 3rd period - Jordan Nolan wins face-off versus Erik Haula in Blackhawks zone.
13:33 of 3rd period - Wrist shot by Nick Ritchie.
13:33 of 3rd period - Deflect By Erik Haula.
13:33 of 3rd period - Shot Misses the Net.
13:33 of 3rd period - Puck is out of play.
13:34 of 3rd period - Jordan Nolan wins face-off versus Erik Haula in Blackhawks zone.
14:12 of 3rd period - Snap shot by Jordan Nolan.
14:12 of 3rd period - Stopped by Cam Ward with a rebound.
14:14 of 3rd period - Slapshot by Hampus Lindholm.
14:14 of 3rd period - Shot Blocked by Radko Gudas.
14:16 of 3rd period - Slapshot by Brian Lashoff.
14:16 of 3rd period - Goal by Brian Lashoff - Flyers : 3 - Blackhawks : 5.
14:17 of 3rd period - Derek Stepan wins face-off versus Samuel Morin in neutral zone.
14:34 of 3rd period - Slapshot by Hampus Lindholm.
14:34 of 3rd period - Shot Blocked by Will Butcher.
14:55 of 3rd period - Slapshot by Erik Haula.
14:55 of 3rd period - Shot Misses the Net.
15:16 of 3rd period - Adrian Kempe is hit by Jacob Trouba and loses puck.
15:35 of 3rd period - Nathan Beaulieu is hit by Antoine Roussel and loses puck.
15:58 of 3rd period - Kevin Hayes is hit by Jakob Silfverberg.
16:02 of 3rd period - Wrist shot by Johnny Gaudreau.
16:02 of 3rd period - Deflect By Erik Haula.
16:02 of 3rd period - Stopped by Steve Mason without a rebound.
16:03 of 3rd period - Erik Haula wins face-off versus Calle Jarnkrok in Flyers zone.
16:06 of 3rd period - Snap shot by Johnny Gaudreau.
16:06 of 3rd period - Shot Misses the Net.
16:16 of 3rd period - Erik Haula is hit by Nathan Beaulieu and loses puck.
16:45 of 3rd period - Minor Penalty to William Karlsson for Roughing.
16:46 of 3rd period - Erik Haula wins face-off versus Jordan Nolan in Blackhawks zone.
16:57 of 3rd period - Will Butcher is hit by Nick Ritchie and loses puck.
17:37 of 3rd period - Snap shot by Jordan Nolan.
17:37 of 3rd period - Goal by Jordan Nolan - Flyers : 4 - Blackhawks : 5.
17:38 of 3rd period - Calle Jarnkrok wins face-off versus William Karlsson in neutral zone.
17:41 of 3rd period - Mike Amadio is hit by Calle Jarnkrok and loses puck.
17:52 of 3rd period - Slapshot by Max Pacioretty.
17:52 of 3rd period - Stopped by Cam Ward without a rebound.
17:53 of 3rd period - Calle Jarnkrok wins face-off versus Antoine Roussel in Blackhawks zone.
17:54 of 3rd period - Slapshot by Hampus Lindholm.
17:54 of 3rd period - Stopped by Cam Ward without a rebound.
17:55 of 3rd period - Calle Jarnkrok wins face-off versus Derek Stepan in Blackhawks zone.
18:03 of 3rd period - Icing by Will Butcher.
18:04 of 3rd period - Derek Stepan wins face-off versus Calle Jarnkrok in Blackhawks zone.
18:11 of 3rd period - Max Pacioretty is hit by Antoine Roussel and loses puck.
18:20 of 3rd period - Snap shot by Mikko Rantanen.
18:20 of 3rd period - Stopped by Steve Mason without a rebound.
18:21 of 3rd period - William Karlsson wins face-off versus Travis Konecny in Flyers zone.
18:22 of 3rd period - Slapshot by Adrian Kempe.
18:22 of 3rd period - Shot Misses the Net.
18:52 of 3rd period - Flyers, Steve Mason is pulled from the net.
18:52 of 3rd period - Backhand shot by Niclas Bergfors.
18:52 of 3rd period - Stopped by Cam Ward with a rebound.
Goals for this period are 3 for Flyers vs 1 for Blackhawks.
Shots for this period are 11 for Flyers vs 8 for Blackhawks.